cohdb
Replays
Latest Replays
All Replays
Popular Replays
Top Player Replays
Match Explorer
How It Works
Community
CoH3 Stats
Reddit
Sign in to upload your games and track your stats! →
Sign in with Steam
Match 44755556
Unlisted
Match 44755556
Overview
Messages
Build Orders
End
Kradschützen Motorcycle Team
Panzergrenadier Squad
Panzerpioneer Squad
250 Light Carrier
Construct Light Support Kompanie
MG34 Team
Combat Half-tracks
Fire Support Elements
Flakvierling Half-track
Assault Mechanized Group
Vehicle Survival Package
Selects Armored Support Battlegroup
Selects Armored Support Battlegroup
Selects Superior Fire Drills
Construct Panzerarmee Kommand
Selects Flammpanzer III Medium Tank
Flammpanzer III Medium Tank
Flammpanzer III Medium Tank
Emergency Repair Kits
2.5-tonne Medical Truck
Panzerjäger Mechanized Group
Selects Command Panzer IV F Medium Tank
Panzer III L Medium Tank
XuZhongwei
上海交大周杰伦
Winged_Trojan
stelescope
0
0
Comments
sign in to comment!
No comments posted yet!